 Dungeon Crawl Stone Soup version 0.21-a0-265-gb353147 (webtiles) character file.

39 tilp the Firebug (level 3, -5/26 HPs)
             Began as a Hill Orc Fire Elementalist on Sept 10, 2017.
             Shot with an arrow by a centaur (13 damage)
             ... on level 6 of the Dungeon.
             The game lasted 00:05:10 (2393 turns).

tilp the Firebug (Hill Orc Fire Elementalist)       Turns: 2393, Time: 00:05:11

Health: -5/26      AC:  2    Str: 10    XL:     3   Next: 47%
Magic:  6/6        EV: 12    Int: 16    God:
Gold:   128        SH:  0    Dex: 11    Spells: 0/6 levels left

rFire    . . .     SeeInvis .   b - +2 dagger (venom)
rCold    . . .     Gourm    .   (no shield)
rNeg     . . .     Faith    .   e - +0 robe
rPois    .         Spirit   .   (no helmet)
rElec    .         Reflect  .   (no cloak)
rCorr    .         Harm     .   (no gloves)
MR       .....                  (no boots)
Stlth    ++........             (no amulet)
HPRegen  0.08/turn              (no ring)
MPRegen  0.10/turn              (no ring)

@: no status effects
A: no striking features
a: Convert to Beogh


You were on level 6 of the Dungeon.
You were not hungry.

You visited 1 branch of the dungeon, and saw 4 of its levels.

You collected 128 gold pieces.

Inventory:

Hand Weapons
 a - a +0 hunting sling
 b - a +2 dagger of venom (weapon)
 t - a +4 dagger of holy wrath
Missiles
 h - 92 stones (quivered)
Armour
 e - a +0 robe (worn)
Wands
 v - a wand of lightning (11/15)
 w - a wand of flame (29/48)
Scrolls
 d - a scroll of magic mapping {unknown}
 g - 2 scrolls of recharging
 i - a scroll of identify {unknown}
 k - 5 scrolls of remove curse {unknown}
 l - 2 scrolls of enchant weapon {unknown}
 m - a scroll of blinking {unknown}
 p - a scroll of enchant armour {unknown}
 r - 2 scrolls of amnesia
 s - a scroll of random uselessness {unknown}
 y - a scroll of teleportation {unknown}
Potions
 f - a potion of cancellation {unknown}
 n - a potion of lignification {unknown}
 q - a potion of curing {unknown}
 u - a potion of heal wounds {unknown}
 x - a potion of flight {unknown}
 z - a potion of degeneration {unknown}
 B - a potion of agility {unknown}
Books
 j - a book of Flames

   Spells                             Type                      Level
   a - Flame Tongue                   Conjuration/Fire             1
   b - Throw Flame                    Conjuration/Fire             2
   c - Conjure Flame                  Conjuration/Fire             3
   d - Inner Flame                    Hexes/Fire                   3
   e - Sticky Flame                   Conjuration/Fire             4
   f - Fireball                       Conjuration/Fire             5
Comestibles
 c - a bread ration
 o - 3 meat rations
 A - 4 chunks of flesh


   Skills:
 - Level 1.5 Dodging
 - Level 1.5 Stealth
 + Level 2.0 Spellcasting
 + Level 2.1 Conjurations
 + Level 3.8 Fire Magic


You couldn't memorise any spells.
You knew the following spells:

 Your Spells              Type           Power        Failure   Level  Hunger
a - Flame Tongue          Conj/Fire      ##...        6%          1    #......
b - Throw Flame           Conj/Fire      ##....       9%          2    ###....
c - Conjure Flame         Conj/Fire      ##......     19%         3    ###....


Dungeon Overview and Level Annotations

Branches:
Dungeon (3/15)

Altars:


Message History

The centaur barely misses you.
A centaur opens the door.
The centaur hits you but does no damage.
An adder and an orc come into view.
As you read the scroll labeled KAQUIR IMATIRPH, it crumbles to dust.
It is a scroll of recharging.
Charge which item? (? for menu, Esc to quit)
Your wand of lightning (?/15) {zapped: 5} glows for a moment.
The centaur wields a shortbow.
The centaur shoots an arrow.
The arrow hits you. The centaur hits you.
An orc priest comes into view. It is wielding a club.
As you read the scroll labeled FUAFRE LIEXUHI, it crumbles to dust.
It is a scroll of amnesia.
Forget which spell ([?*] list [ESC] exit)?
Forget which spell ([?*] list [ESC] exit)?
You don't know that spell.
Forget which spell ([?*] list [ESC] exit)?
Okay, then.
The centaur shoots an arrow.
The arrow hits you!
Ouch! That really hurt!
You die...

##o##
##.o.##
##.....##
##..o....##
#.........#
+.........+
#.........#
#..@c...#
##.....##
##...##
##'## c# S#
.. ..


You could see an orc warrior, 2 centaurs, an orc priest, an adder and an orc.

Vanquished Creatures
  A dart slug (D:1)
  An orc (D:3)
  2 giant cockroaches
  6 goblins
  5 hobgoblins
  3 jackals (D:2)
  2 quokkas
  3 bats
  3 frilled lizards
  4 kobolds
  2 rats (D:1)
32 creatures vanquished.

Notes
Turn   | Place    | Note
-------+----------+-------------------------------------------
     0 | D:1      | tilp the Hill Orc Fire Elementalist began the quest for the Orb.
     0 | D:1      | Reached XP level 1. HP: 14/14 MP: 3/3
   242 | D:1      | Reached XP level 2. HP: 20/20 MP: 1/4
   546 | D:1      | Learned a level 2 spell: Throw Flame
  1265 | D:2      | Reached XP level 3. HP: 26/26 MP: 5/5
  2284 | D:3      | Learned a level 3 spell: Conjure Flame
  2387 | D:3      | You fall through a shaft for 3 floors!
  2387 | D:6      | Noticed a centaur
  2390 | D:6      | Noticed an orc warrior
  2392 | D:6      | Noticed a centaur
  2393 | D:6      | Shot with an arrow by a centaur

Vault maps used:
D:1:      kennysheep_arrival_forest, kennysheep_pointless_box, hex_medium
D:3:      minivault_23
D:6:      lemuel_coloured_pillars_altar

Skill      XL: |  1  2  3 |
---------------+----------+-----
Conjurations   | 2 |  2.1
Spellcasting   | 2 |  2.0
Dodging        | |  1.5
Stealth        | |  1.5
Fire Magic     | |  3.8

Action                   || total
-------------------------++-------
Melee: Spear             ||    62
       Dagger            ||    23
 Fire: Hunting sling     ||     8
 Cast: Flame Tongue      ||    20
Evoke: Wand              ||     2
  Use: Scroll            ||     2
 Stab: Sleeping          ||     4
  Eat: Chunk             ||     5
Armor: Robe              ||    19
Dodge: Dodged            ||    64

Table legend:
 A = Spawn XP
 B = Non-spawn XP
 C = Spawn XP percentage of total XP
 D = Spawn monster count
 E = Non-spawn monster count
 F = Spawn count percentage of total count
 G = Total turns spent on level
                    A         B        C        D         E        F      G
               +---------+---------+-------+---------+---------+-------+---------
         Total |       0 |      57 |   0.0 |       0 |      32 |   0.0 |  2393
               +---------+---------+-------+---------+---------+-------+---------
           D:1 |       0 |      13 |   0.0 |       0 |       8 |   0.0 |   547
           D:2 |       0 |      26 |   0.0 |       0 |      15 |   0.0 |   939
           D:3 |       0 |      18 |   0.0 |       0 |       9 |   0.0 |   901
               +---------+---------+-------+---------+---------+-------+---------
